TOP OF THE 1ST |
Louisiana State University Tigers batting - Pitching for University of Oklahoma Sooners : RHP Josh Marker
|
Pitching: RHP Josh Marker
|
|
Batting: LHB Elijah Mallandain
|
0-0: Foul Ball, location: 2F 0-1: Called Strike 0-2: Strikes out swinging
|
Batting: RHB Winston Vasquez
|
0-0: Called Strike 0-1: Swinging Strike 0-2: Ball 1-2: Ball 2-2: DOUBLE (Line Drive, 89D, EV 108.8 MPH)
|
Pitching: LHP Billy Bradburn
|
|
Batting: RHB Stewart Walker
|
0-0: Ball 1-0: Called Strike 1-1: Ball 2-1: Ground out 6-3 (Groundball, 6, EV 90.0 MPH) Winston Vasquez to third
|
Batting: RHB Pete Roberts
|
0-0: Ground out 6-3 (Groundball, 6S, EV 91.9 MPH)
|
Top of the 1st over - 0 runs, 1 hit, 0 errors, 1 left on base; Louisiana State University 0 - University of Oklahoma 0 |
BOTTOM OF THE 1ST |
University of Oklahoma Sooners batting - Pitching for Louisiana State University Tigers : LHP Juan Barrios
|
Pitching: LHP Juan Barrios
|
|
Batting: RHB Jesus Montoya
|
0-0: Bunted foul 0-1: Foul Ball, location: 2F 0-2: Ground out U3 (Groundball, 34, EV 85.6 MPH)
|
Batting: LHB Alex Benabides
|
0-0: Swinging Strike 0-1: Ground out 6-3 (Groundball, 6, EV 91.9 MPH)
|
Batting: RHB Jon Chatman
|
0-0: Fly out, F4 (Line Drive, 4, EV 63.1 MPH)
|
Bottom of the 1st over - 0 runs, 0 hits, 0 errors, 0 left on base; Louisiana State University 0 - University of Oklahoma 0 |
TOP OF THE 2ND |
Louisiana State University Tigers batting - Pitching for University of Oklahoma Sooners : LHP Billy Bradburn
|
Batting: LHB Oscar Rivera
|
0-0: Ball 1-0: Ball 2-0: Called Strike 2-1: SOLO HOME RUN (Flyball, 7D, EV 98.8 MPH), Distance : 411 ft
|
Batting: RHB D.J. Ganz
|
0-0: Ball 1-0: Ball 2-0: Ground out 6-3 (Groundball, 6M, EV 87.5 MPH)
|
Batting: LHB Manny Grado
|
0-0: Foul Ball, location: 2F 0-1: Ball 1-1: Called Strike 1-2: Strikes out swinging
|
Batting: LHB Matt Ellington
|
0-0: Hit by Pitch
|
Batting: SHB Paul Blaylock
|
0-0: Ball 1-0: Foul Ball, location: 2F 1-1: Swinging Strike 1-2: Ball 2-2: Fielders Choice at 2nd, 6-4 (Groundball, 6, EV 83.8 MPH)
|
Top of the 2nd over - 1 run, 1 hit, 0 errors, 1 left on base; Louisiana State University 1 - University of Oklahoma 0 |
BOTTOM OF THE 2ND |
University of Oklahoma Sooners batting - Pitching for Louisiana State University Tigers : LHP Juan Barrios
|
Batting: LHB Alex Gutierrez
|
0-0: Fly out, F7 (Flyball, 7, EV 88.8 MPH)
|
Batting: RHB Ruben Arreola
|
0-0: Fly out, F9 (Line Drive, 9D, EV 90.6 MPH)
|
Batting: LHB Cameron Marinelli
|
0-0: Foul Ball, location: 2F 0-1: Ball 1-1: Ball 2-1: Called Strike 2-2: Fly out, F4 (Line Drive, 4, EV 68.8 MPH)
|
Bottom of the 2nd over - 0 runs, 0 hits, 0 errors, 0 left on base; Louisiana State University 1 - University of Oklahoma 0 |
TOP OF THE 3RD |
Louisiana State University Tigers batting - Pitching for University of Oklahoma Sooners : LHP Billy Bradburn
|
Batting: LHB Elijah Mallandain
|
0-0: Foul Ball, location: 2F 0-1: Ground out 4-3 (Groundball, 4, EV 85.6 MPH)
|
Batting: RHB Winston Vasquez
|
0-0: Ball 1-0: Fly out, F8 (Line Drive, 8LD, EV 91.2 MPH)
|
Batting: RHB Stewart Walker
|
0-0: Ball 1-0: SINGLE (Groundball, 5S, EV 68.1 MPH) (infield hit)
|
Batting: RHB Pete Roberts
|
0-0: Ball 1-0: Ball 2-0: Fly out, F3 (Popup, 23F, EV 76.2 MPH)
|
Top of the 3rd over - 0 runs, 1 hit, 0 errors, 1 left on base; Louisiana State University 1 - University of Oklahoma 0 |
BOTTOM OF THE 3RD |
University of Oklahoma Sooners batting - Pitching for Louisiana State University Tigers : LHP Juan Barrios
|
Batting: RHB Victor Borras
|
0-0: Called Strike 0-1: Swinging Strike 0-2: SINGLE (Groundball, 56, EV 101.9 MPH)
|
Batting: RHB Eric Peterson
|
0-0: Foul Ball, location: 2F 0-1: Swinging Strike 0-2: Foul Ball, location: 2F 0-2: Ball 1-2: Ball 2-2: Strikes out swinging
|
Batting: RHB Sam Mason
|
0-0: Called Strike 0-1: Ball 1-1: Fly out, F8 (Flyball, 8LXD, EV 83.8 MPH)
|
Batting: RHB Jesus Montoya
|
0-0: Ball 1-0: Ball 2-0: Called Strike 2-1: Ball 3-1: Foul Ball, location: 2F 3-2: Foul Ball, location: 2F 3-2: Base on Balls Victor Borras to second
|
Batting: LHB Alex Benabides
|
0-0: Ball 1-0: Ball 2-0: Called Strike 2-1: Swinging Strike 2-2: Strikes out looking
|
Bottom of the 3rd over - 0 runs, 1 hit, 0 errors, 2 left on base; Louisiana State University 1 - University of Oklahoma 0 |
TOP OF THE 4TH |
Louisiana State University Tigers batting - Pitching for University of Oklahoma Sooners : LHP Billy Bradburn
|
Batting: LHB Oscar Rivera
|
0-0: Called Strike 0-1: Called Strike 0-2: Strikes out looking
|
Batting: RHB D.J. Ganz
|
0-0: Ground out 4-3 (Groundball, 4, EV 101.2 MPH)
|
Batting: LHB Manny Grado
|
0-0: Called Strike 0-1: Ball 1-1: Swinging Strike 1-2: Strikes out swinging
|
Top of the 4th over - 0 runs, 0 hits, 0 errors, 0 left on base; Louisiana State University 1 - University of Oklahoma 0 |
BOTTOM OF THE 4TH |
University of Oklahoma Sooners batting - Pitching for Louisiana State University Tigers : LHP Juan Barrios
|
Batting: RHB Jon Chatman
|
0-0: DOUBLE (Line Drive, 3D, EV 98.8 MPH)
|
Batting: LHB Alex Gutierrez
|
0-0: Called Strike 0-1: Called Strike 0-2: Ball 1-2: Fly out, F8 (Flyball, 8RM, EV 95.0 MPH)
|
Batting: RHB Ruben Arreola
|
0-0: Foul Ball, location: 2F 0-1: SINGLE (Groundball, 4MD, EV 102.5 MPH) Jon Chatman to third Runner from 3rd tries for Home, SAFE, throw by CF to home
|
Batting: LHB Cameron Marinelli
|
0-0: Ball 1-0: Called Strike 1-1: Swinging Strike 1-2: Grounds into double play, 6-4-3 (Groundball, 6, EV 98.8 MPH)
|
Bottom of the 4th over - 1 run, 2 hits, 0 errors, 0 left on base; Louisiana State University 1 - University of Oklahoma 1 |
TOP OF THE 5TH |
Louisiana State University Tigers batting - Pitching for University of Oklahoma Sooners : LHP Billy Bradburn
|
Batting: LHB Matt Ellington
|
0-0: Ball 1-0: Called Strike 1-1: Foul Ball, location: 2F 1-2: Ball 2-2: Ball 3-2: Base on Balls
|
Batting: SHB Paul Blaylock
|
0-0: Called Strike 0-1: Ball 1-1: Called Strike 1-2: Ball 2-2: Strikes out looking
|
Batting: LHB Elijah Mallandain
|
0-0: Called Strike 0-1: Ball 1-1: Ball 2-1: Ball 3-1: Fly out, F9 (Flyball, 9D, EV 90.6 MPH)
|
Pitching: RHP Earl Freeman
|
|
Batting: RHB Winston Vasquez
|
0-0: Called Strike 0-1: Swinging Strike 0-2: SINGLE (Groundball, 4MD, EV 102.5 MPH) Matt Ellington to second
|
Batting: RHB Stewart Walker
|
0-0: Called Strike 0-1: Ground out 1-3 (Groundball, P, EV 72.5 MPH)
|
Top of the 5th over - 0 runs, 1 hit, 0 errors, 2 left on base; Louisiana State University 1 - University of Oklahoma 1 |
BOTTOM OF THE 5TH |
University of Oklahoma Sooners batting - Pitching for Louisiana State University Tigers : LHP Juan Barrios
|
Batting: RHB Victor Borras
|
0-0: Ball 1-0: Ball 2-0: Foul Ball, location: 2F 2-1: Foul Ball, location: 2F 2-2: Strikes out swinging
|
Batting: RHB Eric Peterson
|
0-0: Ball 1-0: Ball 2-0: Swinging Strike 2-1: Foul Ball, location: 2F 2-2: Strikes out swinging
|
Batting: RHB Sam Mason
|
0-0: Ball 1-0: DOUBLE (Groundball, 5L, EV 108.1 MPH)
|
Batting: RHB Jesus Montoya
|
0-0: Swinging Strike 0-1: Fly out, F7 (Line Drive, 7, EV 95.0 MPH)
|
Bottom of the 5th over - 0 runs, 1 hit, 0 errors, 1 left on base; Louisiana State University 1 - University of Oklahoma 1 |
TOP OF THE 6TH |
Louisiana State University Tigers batting - Pitching for University of Oklahoma Sooners : RHP Earl Freeman
|
Batting: RHB Pete Roberts
|
0-0: Called Strike 0-1: Fly out, F8 (Flyball, 8LM, EV 90.6 MPH)
|
Batting: LHB Oscar Rivera
|
0-0: Fly out, F7 (Flyball, 7LSF, EV 71.2 MPH)
|
Batting: RHB D.J. Ganz
|
0-0: Foul Ball, location: 2F 0-1: Ball 1-1: Swinging Strike 1-2: Ball 2-2: SINGLE (Groundball, 6MD, EV 99.4 MPH)
|
Batting: LHB Manny Grado
|
0-0: Ball 1-0: Ball 2-0: Ball 3-0: Called Strike 3-1: Ground out 6-3 (Groundball, 6S, EV 69.4 MPH)
|
Top of the 6th over - 0 runs, 1 hit, 0 errors, 1 left on base; Louisiana State University 1 - University of Oklahoma 1 |
BOTTOM OF THE 6TH |
University of Oklahoma Sooners batting - Pitching for Louisiana State University Tigers : LHP Juan Barrios
|
Batting: LHB Alex Benabides
|
0-0: Ball 1-0: Ball 2-0: Ground out 6-3 (Groundball, 6, EV 108.8 MPH)
|
Batting: RHB Jon Chatman
|
0-0: Swinging Strike 0-1: Called Strike 0-2: Ball 1-2: Fly out, F9 (Flyball, 9S, EV 95.0 MPH)
|
Batting: LHB Alex Gutierrez
|
0-0: Called Strike 0-1: Fly out, F9 (Flyball, 9, EV 80.6 MPH)
|
Bottom of the 6th over - 0 runs, 0 hits, 0 errors, 0 left on base; Louisiana State University 1 - University of Oklahoma 1 |
TOP OF THE 7TH |
Louisiana State University Tigers batting - Pitching for University of Oklahoma Sooners : RHP Earl Freeman
|
Batting: LHB Matt Ellington
|
0-0: Called Strike 0-1: Ball 1-1: Ball 2-1: Ground out 6-3 (Groundball, 6, EV 81.9 MPH)
|
Batting: SHB Paul Blaylock
|
0-0: Ball 1-0: Foul Ball, location: 2F 1-1: Ball 2-1: Foul Ball, location: 2F 2-2: Foul Ball, location: 2F 2-2: Ground out 5-3 (Groundball, 56, EV 88.1 MPH)
|
Batting: LHB Elijah Mallandain
|
0-0: Swinging Strike 0-1: Foul Ball, location: 2F 0-2: Ball 1-2: Ball 2-2: Ball 3-2: Fly out, F8 (Flyball, 8LXD, EV 88.8 MPH)
|
Top of the 7th over - 0 runs, 0 hits, 0 errors, 0 left on base; Louisiana State University 1 - University of Oklahoma 1 |
BOTTOM OF THE 7TH |
University of Oklahoma Sooners batting - Pitching for Louisiana State University Tigers : LHP Juan Barrios
|
Batting: RHB Ruben Arreola
|
0-0: Ball 1-0: Swinging Strike 1-1: Swinging Strike 1-2: Foul Ball, location: 2F 1-2: Strikes out swinging
|
Pitching: RHP Michael Koppers
|
|
Batting: LHB Cameron Marinelli
|
0-0: Foul Ball, location: 2F 0-1: Ball 1-1: Foul Ball, location: 2F 1-2: Strikes out swinging
|
Batting: RHB Victor Borras
|
0-0: Called Strike 0-1: Ground out U3 (Groundball, 34, EV 80.6 MPH)
|
Bottom of the 7th over - 0 runs, 0 hits, 0 errors, 0 left on base; Louisiana State University 1 - University of Oklahoma 1 |
TOP OF THE 8TH |
Louisiana State University Tigers batting - Pitching for University of Oklahoma Sooners : RHP Earl Freeman
|
Pitching: RHP Adam Alioto
|
|
Batting: RHB Winston Vasquez
|
0-0: Ball 1-0: Ball 2-0: Called Strike 2-1: Ball 3-1: Swinging Strike 3-2: Strikes out swinging
|
Batting: RHB Stewart Walker
|
0-0: Called Strike 0-1: Foul Ball, location: 2F 0-2: Ball 1-2: SINGLE (Line Drive, 7LS, EV 113.8 MPH)
|
Batting: RHB Pete Roberts
|
0-0: Called Strike 0-1: Called Strike 0-2: Foul Ball, location: 2F 0-2: Foul Ball, location: 2F 0-2: Reached on error, E6 (Groundball, 6M, EV 101.9 MPH) Stewart Walker to second
|
Batting: LHB Oscar Rivera
|
0-0: Ball 1-0: Foul Ball, location: 2F 1-1: Ball 2-1: Called Strike 2-2: Strikes out swinging
|
Batting: RHB D.J. Ganz
|
0-0: Called Strike 0-1: Foul Ball, location: 2F 0-2: Ball 1-2: Ball 2-2: Foul Ball, location: 2F 2-2: Ball 3-2: Foul Ball, location: 2F 3-2: Strikes out looking
|
Top of the 8th over - 0 runs, 1 hit, 1 error, 2 left on base; Louisiana State University 1 - University of Oklahoma 1 |
BOTTOM OF THE 8TH |
University of Oklahoma Sooners batting - Pitching for Louisiana State University Tigers : RHP Michael Koppers
|
Pitching: RHP Jeremy Kolb
|
|
Pinch Hitting: LHB Paul Mooris
|
0-0: Ball 1-0: Called Strike 1-1: Swinging Strike 1-2: Ball 2-2: Ball 3-2: Strikes out swinging
|
Batting: RHB Sam Mason
|
0-0: Foul Ball, location: 2F 0-1: Called Strike 0-2: Foul Ball, location: 2F 0-2: Foul Ball, location: 2F 0-2: Strikes out swinging
|
Batting: RHB Jesus Montoya
|
0-0: Called Strike 0-1: Foul Ball, location: 2F 0-2: Ground out 4-3 (Groundball, 4M, EV 78.8 MPH)
|
Bottom of the 8th over - 0 runs, 0 hits, 0 errors, 0 left on base; Louisiana State University 1 - University of Oklahoma 1 |
TOP OF THE 9TH |
Louisiana State University Tigers batting - Pitching for University of Oklahoma Sooners : RHP Adam Alioto
|
Pitching: RHP Roger Torrez
|
|
Now at 3B: Sugiarto Kartosuwiryo
|
|
Batting: LHB Manny Grado
|
0-0: Swinging Strike 0-1: Ball 1-1: Foul Ball, location: 2F 1-2: Strikes out swinging
|
Batting: LHB Matt Ellington
|
0-0: Ball 1-0: Called Strike 1-1: Foul Ball, location: 2F 1-2: Strikes out swinging
|
Pinch Hitting: RHB Leo Roldan
|
0-0: Called Strike 0-1: Foul Ball, location: 2F 0-2: Ball 1-2: Ball 2-2: Ball 3-2: Base on Balls
|
Batting: LHB Elijah Mallandain
|
0-0: Called Strike 0-1: Ball 1-1: Called Strike 1-2: Ball 2-2: Strikes out looking
|
Top of the 9th over - 0 runs, 0 hits, 0 errors, 1 left on base; Louisiana State University 1 - University of Oklahoma 1 |
BOTTOM OF THE 9TH |
University of Oklahoma Sooners batting - Pitching for Louisiana State University Tigers : RHP Jeremy Kolb
|
Pitching: RHP Isaiah Keys
|
|
Now at 3B: Keith Ashton
|
|
Batting: LHB Alex Benabides
|
0-0: Swinging Strike 0-1: Ground out 6-3 (Groundball, 6, EV 83.8 MPH)
|
Batting: RHB Jon Chatman
|
0-0: Fly out, F8 (Flyball, 8RD, EV 85.0 MPH)
|
Batting: LHB Alex Gutierrez
|
0-0: Called Strike 0-1: Foul Ball, location: 2F 0-2: Ball 1-2: Ball 2-2: Foul Ball, location: 2F 2-2: Fly out, F6 (Flyball, 56D, EV 87.5 MPH)
|
Bottom of the 9th over - 0 runs, 0 hits, 0 errors, 0 left on base; Louisiana State University 1 - University of Oklahoma 1 |
TOP OF THE 10TH |
Louisiana State University Tigers batting - Pitching for University of Oklahoma Sooners : RHP Roger Torrez
|
Batting: RHB Winston Vasquez
|
0-0: Foul Ball, location: 2F 0-1: Called Strike 0-2: Ball 1-2: Ground out 6-3 (Groundball, 6, EV 85.0 MPH)
|
Batting: RHB Stewart Walker
|
0-0: Ball 1-0: Ball 2-0: Ball 3-0: Called Strike 3-1: Ground out 4-3 (Groundball, 34, EV 83.8 MPH)
|
Batting: RHB Pete Roberts
|
0-0: Fly out, F7 (Flyball, 7S, EV 91.2 MPH)
|
Top of the 10th over - 0 runs, 0 hits, 0 errors, 0 left on base; Louisiana State University 1 - University of Oklahoma 1 |
BOTTOM OF THE 10TH |
University of Oklahoma Sooners batting - Pitching for Louisiana State University Tigers : RHP Isaiah Keys
|
Pitching: LHP Clyde Fisher
|
|
Batting: RHB Ruben Arreola
|
0-0: Ball 1-0: Foul Ball, location: 2F 1-1: Foul Ball, location: 2F 1-2: Ball 2-2: Foul Ball, location: 2F 2-2: Ground out 4-3 (Groundball, 4, EV 83.1 MPH)
|
Batting: LHB Cameron Marinelli
|
0-0: Called Strike 0-1: Foul Ball, location: 2F 0-2: Ball 1-2: Ball 2-2: Ground out 6-3 (Groundball, 6, EV 89.4 MPH)
|
Batting: RHB Victor Borras
|
0-0: Ground out 6-3 (Groundball, 56D, EV 100.6 MPH)
|
Bottom of the 10th over - 0 runs, 0 hits, 0 errors, 0 left on base; Louisiana State University 1 - University of Oklahoma 1 |
TOP OF THE 11TH |
Louisiana State University Tigers batting - Pitching for University of Oklahoma Sooners : RHP Roger Torrez
|
Pitching: RHP Arjan van den Hurk
|
|
Batting: LHB Oscar Rivera
|
0-0: Called Strike 0-1: Foul Ball, location: 2F 0-2: Foul Ball, location: 2F 0-2: Foul Ball, location: 2F 0-2: Strikes out swinging
|
Batting: RHB D.J. Ganz
|
0-0: Ball 1-0: Ball 2-0: Ball 3-0: Base on Balls
|
Batting: LHB Manny Grado
|
0-0: Called Strike 0-1: Ball Wild Pitch! D.J. Ganz to second 1-1: Foul Ball, location: 2F 1-2: Strikes out swinging
|
Batting: LHB Matt Ellington
|
0-0: Intentional Walk
|
Batting: RHB Keith Ashton
|
0-0: Hit by Pitch D.J. Ganz to third Matt Ellington to second
|
Batting: LHB Elijah Mallandain
|
0-0: Ball 1-0: Ball 2-0: Foul Ball, location: 2F 2-1: Called Strike 2-2: Ground out U3 (Groundball, 3, EV 87.5 MPH)
|
Top of the 11th over - 0 runs, 0 hits, 0 errors, 3 left on base; Louisiana State University 1 - University of Oklahoma 1 |
BOTTOM OF THE 11TH |
University of Oklahoma Sooners batting - Pitching for Louisiana State University Tigers : LHP Clyde Fisher
|
Batting: RHB Sugiarto Kartosuwiryo
|
0-0: Ball 1-0: Called Strike 1-1: Swinging Strike 1-2: Ball 2-2: Ball 3-2: Foul Ball, location: 2F 3-2: Base on Balls
|
Batting: RHB Sam Mason
|
0-0: Foul Ball, location: 2F 0-1: Foul Ball, location: 2F 0-2: Strikes out swinging
|
Batting: RHB Jesus Montoya
|
0-0: Called Strike 0-1: Ball 1-1: Called Strike 1-2: Ball 2-2: SINGLE (Line Drive, 8LS, EV 111.2 MPH) Sugiarto Kartosuwiryo to second
|
Batting: LHB Alex Benabides
|
0-0: Ball 1-0: Bunt missed! 1-1: Bunt missed! 1-2: Strikes out swinging
|
Batting: RHB Jon Chatman
|
0-0: Ball 1-0: Ground out 4-3 (Groundball, 4S, EV 65.0 MPH)
|
Bottom of the 11th over - 0 runs, 1 hit, 0 errors, 2 left on base; Louisiana State University 1 - University of Oklahoma 1 |
TOP OF THE 12TH |
Louisiana State University Tigers batting - Pitching for University of Oklahoma Sooners : RHP Arjan van den Hurk
|
Batting: RHB Winston Vasquez
|
0-0: Reached on error, E1 (Groundball, 15S, EV 68.8 MPH)
|
Batting: RHB Stewart Walker
|
0-0: Ball 1-0: Called Strike 1-1: Foul Ball, location: 2F 1-2: Strikes out swinging
|
Batting: RHB Pete Roberts
|
0-0: Ball 1-0: Ball 2-0: Fielders Choice at 2nd, 6-4 (Groundball, 56, EV 108.1 MPH)
|
Batting: LHB Oscar Rivera
|
0-0: Called Strike 0-1: Ball 1-1: Swinging Strike 1-2: Strikes out looking
|
Top of the 12th over - 0 runs, 0 hits, 1 error, 1 left on base; Louisiana State University 1 - University of Oklahoma 1 |
BOTTOM OF THE 12TH |
University of Oklahoma Sooners batting - Pitching for Louisiana State University Tigers : LHP Clyde Fisher
|
Pitching: LHP Luis Sandoval
|
|
Batting: LHB Alex Gutierrez
|
0-0: Called Strike 0-1: Ball 1-1: Foul Ball, location: 2F 1-2: Strikes out looking
|
Batting: RHB Ruben Arreola
|
0-0: Called Strike 0-1: Foul Ball, location: 2F 0-2: Ball 1-2: Strikes out swinging
|
Batting: LHB Cameron Marinelli
|
0-0: Swinging Strike 0-1: Ground out U3 (Groundball, 3, EV 84.4 MPH)
|
Bottom of the 12th over - 0 runs, 0 hits, 0 errors, 0 left on base; Louisiana State University 1 - University of Oklahoma 1 |
TOP OF THE 13TH |
Louisiana State University Tigers batting - Pitching for University of Oklahoma Sooners : RHP Arjan van den Hurk
|
Pitching: RHP Jose Merced
|
|
Batting: RHB D.J. Ganz
|
0-0: Ground out 4-3 (Groundball, 34, EV 78.8 MPH)
|
Batting: LHB Manny Grado
|
0-0: Foul Ball, location: 2F 0-1: Foul Ball, location: 2F 0-2: Strikes out looking
|
Batting: LHB Matt Ellington
|
0-0: Swinging Strike 0-1: Ball 1-1: Foul Ball, location: 2F 1-2: Ball 2-2: Ball 3-2: Strikes out swinging
|
Top of the 13th over - 0 runs, 0 hits, 0 errors, 0 left on base; Louisiana State University 1 - University of Oklahoma 1 |
BOTTOM OF THE 13TH |
University of Oklahoma Sooners batting - Pitching for Louisiana State University Tigers : LHP Luis Sandoval
|
Batting: RHB Victor Borras
|
0-0: Ball 1-0: Fly out, F7 (Flyball, 7LD, EV 98.1 MPH)
|
Batting: RHB Sugiarto Kartosuwiryo
|
0-0: Ball 1-0: Called Strike 1-1: Swinging Strike 1-2: Ball 2-2: Strikes out swinging
|
Batting: RHB Sam Mason
|
0-0: Swinging Strike 0-1: Foul Ball, location: 2F 0-2: Ball 1-2: Strikes out looking
|
Bottom of the 13th over - 0 runs, 0 hits, 0 errors, 0 left on base; Louisiana State University 1 - University of Oklahoma 1 |
TOP OF THE 14TH |
Louisiana State University Tigers batting - Pitching for University of Oklahoma Sooners : RHP Jose Merced
|
Batting: RHB Keith Ashton
|
0-0: Reached on error, E5 (Groundball, 56S, EV 81.2 MPH)
|
Batting: LHB Elijah Mallandain
|
0-0: Bunt missed! 0-1: Ball 1-1: Sac Bunt to 15 - play at first, batter OUT! 1-3 Keith Ashton to second
|
Batting: RHB Winston Vasquez
|
0-0: Called Strike 0-1: Ball 1-1: Foul Ball, location: 2F 1-2: Ball 2-2: Strikes out swinging
|
Batting: RHB Stewart Walker
|
0-0: Intentional Walk
|
Batting: RHB Pete Roberts
|
0-0: SINGLE (Groundball, 34D, EV 93.8 MPH) Keith Ashton to third Stewart Walker to second Runner from 3rd tries for Home, throw by RF and OUT! 9-2
|
Top of the 14th over - 0 runs, 1 hit, 1 error, 2 left on base; Louisiana State University 1 - University of Oklahoma 1 |
BOTTOM OF THE 14TH |
University of Oklahoma Sooners batting - Pitching for Louisiana State University Tigers : LHP Luis Sandoval
|
Batting: RHB Jesus Montoya
|
0-0: Ball 1-0: Ball 2-0: Foul Ball, location: 2F 2-1: Ball 3-1: Base on Balls
|
Batting: LHB Alex Benabides
|
0-0: Ball 1-0: Bunted foul 1-1: Bunted foul 1-2: Strikes out looking
|
Batting: RHB Jon Chatman
|
0-0: Called Strike Jesus Montoya steals 2nd base 0-1: Ball 1-1: Intentional Walk
|
Batting: LHB Alex Gutierrez
|
0-0: Grounds into double play, 4-6-3 (Groundball, 4, EV 82.5 MPH)
|
Bottom of the 14th over - 0 runs, 0 hits, 0 errors, 1 left on base; Louisiana State University 1 - University of Oklahoma 1 |
TOP OF THE 15TH |
Louisiana State University Tigers batting - Pitching for University of Oklahoma Sooners : RHP Jose Merced
|
Batting: LHB Oscar Rivera
|
0-0: Called Strike 0-1: Ball 1-1: Ball 2-1: Foul Ball, location: 2F 2-2: Strikes out swinging
|
Batting: RHB D.J. Ganz
|
0-0: Ball 1-0: Ball 2-0: Ball 3-0: Base on Balls
|
Batting: LHB Manny Grado
|
0-0: Called Strike 0-1: Reached on error, E6 (Groundball, 6, EV 85.6 MPH) D.J. Ganz to second
|
Batting: LHB Matt Ellington
|
0-0: Ball 1-0: Called Strike 1-1: Ball 2-1: Ball 3-1: Base on Balls D.J. Ganz to third Manny Grado to second
|
Batting: RHB Keith Ashton
|
0-0: Ball 1-0: Swinging Strike 1-1: Foul Ball, location: 2F 1-2: Strikes out swinging
|
Batting: LHB Elijah Mallandain
|
0-0: Called Strike 0-1: Fly out, F7 (Flyball, 78S, EV 88.8 MPH)
|
Top of the 15th over - 0 runs, 0 hits, 1 error, 3 left on base; Louisiana State University 1 - University of Oklahoma 1 |
BOTTOM OF THE 15TH |
University of Oklahoma Sooners batting - Pitching for Louisiana State University Tigers : LHP Luis Sandoval
|
Batting: RHB Ruben Arreola
|
0-0: Hit by Pitch
|
Batting: LHB Cameron Marinelli
|
0-0: Sac Bunt to 2R - play at first, batter OUT! 2-3 Ruben Arreola to second
|
Batting: RHB Victor Borras
|
0-0: Intentional Walk
|
Batting: RHB Sugiarto Kartosuwiryo
|
0-0: Bunt missed! 0-1: Sac Bunt to 3S - play at first, batter OUT! 3-1 Ruben Arreola to third Victor Borras to second
|
Batting: RHB Sam Mason
|
0-0: Foul Ball, location: 2F 0-1: Ball 1-1: Ball 2-1: SINGLE (Groundball, 6MD, EV 101.9 MPH) Ruben Arreola scores
|
Bottom of the 15th over - 1 run, 1 hit, 0 errors, 2 left on base; Louisiana State University 1 - University of Oklahoma 2 |
|